 Dungeon Crawl Stone Soup version 0.32-a0-361-g289a535e89 (webtiles) character file.

Game seed: 13166945380342583499

2159 sleeves the Skirmisher (level 9, 0/61 HPs)
             Began as a Coglin Hunter on Feb 18, 2024.
             Slain by an orc knight
             ... wielding a +0 halberd
              (20 damage)
             ... in a bailey.
             The game lasted 00:15:52 (6854 turns).

sleeves the Skirmisher (Coglin Hunter)              Turns: 6854, Time: 00:15:52

Health: 0/61       AC:  8    Str: 12    XL:     9   Next: 31%
Magic:  9/9        EV: 21    Int: 12    God:
Gold:   218        SH:  0    Dex: 18    Spells: 8/8 levels left

rFire   + . .        a - +0 dagger (venom) {Edeltraud}
rCold   . . .        w - +1 dagger (speed) {Mariya}
rNeg    . . .        z - +3 ring mail {rF+}
rPois   .            (no helmet)
rElec   .            (no cloak)
rCorr   .            (no gloves)
SInv    .            (no boots)
Will    .....        n - amulet of magic regeneration
Stlth   +            i - +5 ring of evasion
HPRegen 0.30/turn    h - +5 ring of evasion
MPRegen 0.51/turn

%: no passive effects
@: studying Hexes, stiff-legged, very slow
A: off-hand wielding, slow wielding, warmup strikes, warmup strides
a: no special abilities


You were in a bailey.
You visited 2 branches of the dungeon, and saw 8 of its levels.
You also visited: Bailey.

You collected 296 gold pieces.
You spent 78 gold pieces at shops.

Inventory:

Hand Weapons
 a - a +0 dagger of venom (weapon) {Edeltraud}
   (You took it off a goblin on level 3 of the Dungeon)
 b - a +0 orcbow {Msizi}
   (You found it on level 3 of the Dungeon)
 q - a +0 shortbow {Hong}
 w - a +1 dagger of speed (worn) {Mariya}
   (You took it off a kobold on level 4 of the Dungeon)
Missiles
 f - 9 poisoned darts (quivered)
Armour
 u - a +2 scale mail of willpower
   (You took it off Terence on level 2 of the Dungeon)
 z - a +3 ring mail of fire resistance (worn)
   (You took it off Duvessa on level 5 of the Dungeon)
Jewellery
 h - a +5 ring of evasion (right grasper)
   (You found it on level 1 of the Dungeon)
 i - a +5 ring of evasion (left grasper)
   (You found it on level 1 of the Dungeon)
 n - an amulet of magic regeneration (around neck)
   (You found it on level 2 of the Dungeon)
 p - a +6 ring of strength
   (You found it on level 3 of the Dungeon)
 y - a ring of fire
   (You found it on level 5 of the Dungeon)
 B - a +4 ring of protection
   (You found it on level 5 of the Dungeon)
 D - a ring of protection from cold
   (You found it on level 6 of the Dungeon)
Wands
 c - a wand of flame (20)
   (You found it on level 2 of the Dungeon)
 x - a wand of mindburst (8)
   (You found it on level 4 of the Dungeon)
Scrolls
 e - a scroll of fog {unknown}
 g - a scroll of teleportation {unknown}
 j - a scroll of enchant armour {unknown}
 k - 2 scrolls of blinking {unknown}
 m - 2 scrolls of identify {unknown}
 o - a scroll of butterflies
 r - 2 scrolls of noise {unknown}
 s - a scroll of amnesia {unknown}
 C - a scroll of immolation {unknown}
 E - a scroll of silence {unknown}
 F - a scroll of vulnerability {unknown}
Potions
 d - 6 potions of curing
 l - a potion of magic {unknown}
 t - 2 potions of heal wounds {unknown}
 v - 2 potions of invisibility {unknown}
 A - a potion of haste {unknown}
 G - a potion of enlightenment {unknown}


   Skills:
 - Level 2.0 Fighting
 + Level 11.6 Ranged Weapons
 - Level 1.7 Dodging
 - Level 0.7 Stealth


You had 8 spell levels left.
You didn't know any spells.
Your spell library contained the following spells:

 Spells                   Type           Power      Damage    Failure   Level
 Freeze                   Ice            0%         1d3       58%         1
 Lesser Beckoning         Tloc           0%         N/A       75%         2
 Static Discharge         Conj/Air       0%         3-3/arc   75%         2
 Frozen Ramparts          Ice            0%         1d1       92%         3
 Gell's Gravitas          Tloc           0%         N/A       92%         3
 Hailstorm                Conj/Ice       0%         3d5       92%         3
 Teleport Other           Tloc           0%         N/A       92%         3
 Airstrike                Air            0%         2d(0-16)  100%        4
 Summon Lightning Spire   Summ/Air       0%         N/A       100%        4
 Conjure Ball Lightning   Conj/Air       0%         3x3d6     100%        6
 Discord                  Hex            0%         N/A       100%        8
 Disjunction              Tloc           0%         N/A       100%        8


Dungeon Overview and Level Annotations

Branches:
Dungeon (7/15)             Temple (1/1) D:5          Bailey (1/1)

Altars:
Ashenzari
Cheibriados
Dithmenos
Elyvilon
Gozag
Hepliaklqana
Kikubaaqudgha
Makhleb
Nemelex Xobeh
Qazlal
Ru
Sif Muna
Trog
Uskayaw
Vehumet
Wu Jian
Xom
Yredelemnul
Zin
The Shining One

Shops:
D:3 !*![


Innate Abilities, Weirdness & Mutations

You can wield a second weapon in your off-hand.
It takes a long time for you to wield or remove held weapons.
Your first few attacks do less damage.
Your first movements take longer.


Message History

You hear the hiss of flowing sand.
There is an entrance to an ossuary on this level.
Hurry and find it before the portal is buried!
Found a sapphire potion.
Found a stone staircase leading up and a stone staircase leading down.
There is a stone staircase leading up here.
An orc priest comes into view. It is wielding a +0 short sword.
The orc priest shouts! x2; You hear a shout!
An orc warrior comes into view. It is wielding a +0 mace.
The orc priest moves out of view.
You hit the orc warrior but do no damage. x2
The orc warrior is poisoned.
You hit the orc warrior but do no damage.
The orc warrior looks as sick as possible!
You barely miss the orc warrior with your +1 dagger of speed.
The orc priest invokes the aid of Beogh against you.
Pain shoots through your body!
The orc warrior hits you but does no damage.
You hit the orc warrior but do no damage.
The orc warrior looks as sick as possible!
The orc warrior is lightly wounded.
You hit the orc warrior but do no damage.
The orc warrior misses you.
The orc priest invokes the aid of Beogh against you.
Beogh smites you!
There is a stone staircase leading up here.
The orc priest completely misses you. The orc warrior barely misses you.
The orc priest calls down the wrath of Beogh upon you.
Beogh smites you!
The orc priest shouts, "Beogh offers mercy even to people such as you.
Join us and be reborn!" (press Y on the ability menu to convert to Beogh)
You climb upwards.
There is a stone staircase leading down here.
Okay, then.
You barely miss the orc priest with your +1 dagger of speed.
You barely miss the orc priest with your +0 dagger of venom.
The orc priest shouts, "The Pantheon deserves no one's loyalty.
Let us show you the true path!" The orc warrior closely misses you.
The orc priest barely misses you.
You hit the orc priest but do no damage.
The orc priest threatens, "Beogh's wrath is as vast as their mercy.
Make your choice!"
You hit the orc priest but do no damage.
The orc warrior hits you but does no damage.
The orc priest barely misses you.
You hit the orc priest but do no damage.
You closely miss the orc priest with your +0 dagger of venom.
You hit the orc priest but do no damage.
The orc priest is poisoned.
You hit the orc priest but do no damage.
The orc priest shouts, "The Pantheon deserves no one's loyalty.
Let us show you the true path!"
The orc warrior hits you but does no damage.
The orc priest misses you.
You hit the orc priest with your +1 dagger of speed.
The orc priest is lightly wounded.
You barely miss the orc priest with your +0 dagger of venom.
The orc warrior hits you but does no damage.
The orc priest misses you.
You closely miss the orc priest with your +0 dagger of venom.
The orc priest is lightly wounded.
You hit the orc priest but do no damage.
The orc warrior closely misses you.
The orc priest hits you but does no damage.
You hit the orc priest but do no damage.
The orc priest is lightly wounded.
You hit the orc priest but do no damage.
The orc priest looks as sick as possible!
The orc warrior completely misses you.
The orc priest hits you but does no damage.
You closely miss the orc priest with your +1 dagger of speed.
The orc priest shouts, "Surrender to Beogh and we'll let you live!"
The orc priest is moderately wounded.
You hit the orc priest with your +0 dagger of venom.
You hit the orc warrior but do no damage.
The orc warrior looks as sick as possible!
The orc warrior is almost dead.
You hit the orc warrior but do no damage.
The orc warrior hits you but does no damage.
The orc priest hits you with a +0 dagger.
You hit the orc warrior but do no damage.
The orc warrior is almost dead.
The orc priest shouts, "Surrender to Beogh and we'll let you live!"
You hit the orc warrior but do no damage.
The orc warrior hits you with a +0 mace.
* * * LOW HITPOINT WARNING * * *
The orc priest hits you with a +0 dagger.
* * * LOW HITPOINT WARNING * * *
You hit the orc priest with your +1 dagger of speed.
The orc priest is severely wounded.
You hit the orc priest with your +0 dagger of venom.
The orc priest looks as sick as possible!
The orc warrior barely misses you.
The orc priest hits you but does no damage.
You hit the orc warrior but do no damage.
The orc warrior looks as sick as possible!
The orc warrior is almost dead.
You completely miss the orc warrior with your +1 dagger of speed.
You kill the orc warrior!
You kill the orc priest!
Things that are here:
a +0 mace; a +0 plate armour
There is a stone staircase leading down here.
Things that are here:
a +0 dagger; a +0 leather armour; a +0 short sword
There is a stone staircase leading down here.
You climb downwards.
You hear the roar of battle.
There is an entrance to a bailey on this level.
Hurry and find it before the portal closes forever!
You hear the hiss of flowing sand.
There is an entrance to an ossuary on this level.
Hurry and find it before the portal is buried!
There is a stone staircase leading up here.
Unknown command.
A gnoll comes into view. It is wielding a +0 whip.
The orc priest shouts, "Surrender to Beogh and we'll let you live!"
The orc priest hits you but does no damage.
You hit the orc priest with your +1 dagger of speed.
The orc priest is moderately wounded.
You closely miss the orc priest with your +0 dagger of venom.
The orc priest completely misses you.
You barely miss the orc priest with your +0 dagger of venom.
The orc priest is moderately wounded.
You barely miss the orc priest with your +1 dagger of speed.
The orc priest begins to cast a cantrip, but forgets the words!
You barely miss the orc priest with your +0 dagger of venom.
The orc priest is moderately wounded.
You hit the orc priest with your +1 dagger of speed.
The orc priest mumbles some strange prayers to Beogh against you.
Pain shoots through your body!
* * * LOW HITPOINT WARNING * * *
You barely miss the orc priest with your +0 dagger of venom.
The orc priest is heavily wounded.
You hit the orc priest with your +1 dagger of speed.
The orc priest hits you but does no damage.
You hit the orc priest with your +1 dagger of speed.
The orc priest is almost dead.
You closely miss the orc priest with your +0 dagger of venom.
The orc priest shouts, "The Pantheon deserves no one's loyalty.
Let us show you the true path!"
You hit the orc priest with your +1 dagger of speed.
The orc priest is almost dead.
The orc priest threatens, "Beogh's wrath is as vast as their mercy.
Make your choice!"
You hit the orc priest but do no damage.
The orc priest is poisoned.
The gnoll closely misses you.
The orc priest invokes the aid of Beogh against you.
Pain shoots through your body!
* * * LOW HITPOINT WARNING * * *
You hit the orc priest with your +1 dagger of speed.
You kill the orc priest!
The gnoll misses you.
You hit the gnoll with your +0 dagger of venom.
The gnoll is poisoned.
The gnoll is lightly wounded.
You hit the gnoll with your +1 dagger of speed.
The gnoll hits you with a +0 whip.
* * * LOW HITPOINT WARNING * * *
You hit the gnoll but do no damage.
The gnoll is heavily wounded.
You closely miss the gnoll with your +0 dagger of venom.
The gnoll hits you but does no damage.
You hit the gnoll with your +1 dagger of speed.
You kill the gnoll!
There is a stone staircase leading up here.
You start resting.
A gnoll comes into view. It is wielding a +0 halberd.
The gnoll shouts!
You climb upwards.
There is a stone staircase leading down here.
You start resting.
HP restored.
Things that are here:
a +0 leather armour; a +0 dagger; a +0 short sword
There is an open door here.
You open the door.
There is an open door here.
Items here: )))) [ ÷.
There is a stone staircase leading down here.
You climb downwards.
You hear the roar of battle.
There is an entrance to a bailey on this level.
Hurry and find it before the portal closes forever!
You hear the hiss of flowing sand.
There is an entrance to an ossuary on this level.
Hurry and find it before the portal is buried!
You hear the faint creaking of a portcullis very nearby.
You hear the brisk hiss of a very distant avalanche of sand.
There is a stone staircase leading up here.
Unknown command.
G - a sapphire potion A bullfrog comes into view.
There is a stone staircase leading down here.
The bullfrog gives a loud, deep croak!
You hit the bullfrog with your +1 dagger of speed.
The bullfrog is lightly wounded.
You miss the bullfrog with your +0 dagger of venom.
The bullfrog hits you but does no damage.
The bullfrog hits you.
You hit the bullfrog with your +0 dagger of venom.
The bullfrog is poisoned.
The bullfrog is moderately wounded.
You closely miss the bullfrog with your +1 dagger of speed.
The bullfrog hits you but does no damage.
A sleepcap comes into view.
You barely miss the bullfrog with your +1 dagger of speed.
The bullfrog is moderately wounded.
You hit the bullfrog with your +0 dagger of venom.
The bullfrog hits you but does no damage.
You barely miss the bullfrog with your +1 dagger of speed.
The bullfrog is severely wounded.
You closely miss the bullfrog with your +0 dagger of venom.
The bullfrog hits you but does no damage.
You hit the bullfrog with your +1 dagger of speed.
The bullfrog is almost dead.
You barely miss the bullfrog with your +0 dagger of venom.
The bullfrog barely misses you. The bullfrog barely misses you.
The bullfrog hits you but does no damage.
The bullfrog hits you. The bullfrog completely misses you.
You hit the bullfrog with your +1 dagger of speed.
You kill the bullfrog!
You have reached level 9!
Your experience leads to an increase in your attributes!
Increase (S)trength, (I)ntelligence, or (D)exterity?
You feel clever. x2
You hit the sleepcap but do no damage.
The sleepcap is poisoned.
You hit the sleepcap but do no damage. The sleepcap releases spores at you.
You are engulfed in a cloud of soporific spores!
You fall asleep.
The sleepcap releases spores at you!
You wake up.
Unknown command.
You hit the sleepcap but do no damage.
The sleepcap is lightly damaged.
You hit the sleepcap but do no damage.
You hit the sleepcap with your +1 dagger of speed.
The sleepcap is lightly damaged.
You hit the sleepcap with your +0 dagger of venom.
The sleepcap completely misses you.
You hit the sleepcap with your +0 dagger of venom.
The sleepcap is lightly damaged.
You hit the sleepcap but do no damage. The sleepcap barely misses you.
You hit the sleepcap but do no damage.
The sleepcap is moderately damaged.
You hit the sleepcap with your +0 dagger of venom.
The sleepcap looks as sick as possible!
The sleepcap releases spores at you.
You hit the sleepcap but do no damage.
The sleepcap is moderately damaged.
You hit the sleepcap but do no damage. The sleepcap closely misses you.
You hit the sleepcap with your +1 dagger of speed.
The sleepcap is heavily damaged.
You hit the sleepcap but do no damage. The sleepcap releases spores at you.
* * * LOW HITPOINT WARNING * * *
You hit the sleepcap with your +0 dagger of venom.
The sleepcap is almost destroyed.
You hit the sleepcap but do no damage. The sleepcap completely misses you.
You hit the sleepcap but do no damage.
The sleepcap is almost destroyed.
You hit the sleepcap but do no damage.
The sleepcap releases spores at you but does no damage.
The gnoll shouts!
You hit the sleepcap but do no damage.
The sleepcap is almost destroyed.
You hit the sleepcap with your +0 dagger of venom.
You destroy the sleepcap!
A howler monkey comes into view.
There is a stone staircase leading down here.
The howler monkey howls!
The howler monkey hoots and howls with incredible vigour!
The gnoll closely misses you. The gnoll hits you but does no damage.
There is a stone staircase leading down here.
You hit the gnoll but do no damage.
The gnoll is poisoned.
You hit the gnoll with your +1 dagger of speed.
You hit the gnoll but do no damage.
The gnoll looks as sick as possible!
The gnoll is moderately wounded.
You barely miss the gnoll with your +1 dagger of speed.
The gnoll closely misses you. The howler monkey misses you.
You hit the gnoll with your +0 dagger of venom.
The gnoll looks as sick as possible!
The gnoll is heavily wounded.
You hit the gnoll with your +1 dagger of speed.
You kill the gnoll!
The howler monkey completely misses you.
You hit the howler monkey but do no damage.
You hit the howler monkey with your +0 dagger of venom.
The howler monkey is poisoned.
The howler monkey completely misses you.
You hit the howler monkey with your +1 dagger of speed.
The howler monkey is lightly wounded.
You hit the howler monkey but do no damage.
The howler monkey looks as sick as possible!
The howler monkey misses you.
You closely miss the howler monkey with your +1 dagger of speed.
The howler monkey is moderately wounded.
You hit the howler monkey but do no damage.
The howler monkey looks as sick as possible!
The howler monkey hoots and howls with incredible vigour!
You hear a shout!
You hear an angry hiss.
You hear a shout! x2
Something shouts, "Scamper away, thou gorbellied hell-hated codpiece!"
You hit the howler monkey with your +1 dagger of speed.
The howler monkey is heavily wounded.
You hit the howler monkey with your +0 dagger of venom.
The howler monkey looks as sick as possible!
The howler monkey hits you.
* * * LOW HITPOINT WARNING * * *
You hit the howler monkey with your +1 dagger of speed.
The howler monkey is severely wounded.
You barely miss the howler monkey with your +0 dagger of venom.
The howler monkey hits you but does no damage.
You hit the howler monkey with your +0 dagger of venom.
The howler monkey looks as sick as possible!
The howler monkey is severely wounded.
You hit the howler monkey with your +1 dagger of speed.
You hear the creaking of a portcullis very nearby.
You hear the brisk hiss of a very distant avalanche of sand.
You kill the howler monkey!
Your Ranged Weapons skill increases to level 11!
A gnoll comes into view. It is wielding a +0 halberd.
The gnoll shouts!
A gnoll bouda comes into view. It is wielding a +0 club.
A gnoll comes into view. It is wielding a +0 halberd.
There is a stone staircase leading down, spattered with blood here.
You see here a +0 short sword.
Found a halberd and a spear.
Found a flagged portal.
Found a spear and a whip.
There is a flagged portal here.
The world spins around you as you enter the gateway.
You enter a bailey!
The orc shouts!
Found a gate leading back out of this place.
There is an empty arch of ancient stone here.
An orc comes into view. It is wielding a +0 halberd.
The orc shouts!
Found 21 gold pieces.
The orc hits you with a +0 halberd.
You are too injured to fight recklessly!
You are too injured to fight recklessly!
You are too injured to fight recklessly!
You are too injured to fight recklessly!
You are too injured to fight recklessly!
You are too injured to fight recklessly!
You are too injured to fight recklessly!
You are too injured to fight recklessly!
You hit the orc but do no damage.
The orc is poisoned.
You barely miss the orc with your +1 dagger of speed.
The orc misses you.
You hit the orc but do no damage.
The orc looks even sicker.
The orc is heavily wounded.
You hit the orc with your +1 dagger of speed.
You kill the orc!
An orc comes into view. It is wielding a +0 trident.
Found 21 gold pieces.
The orc shouts!
The orc barely misses you.
An orc warrior comes into view. It is wielding a +0 halberd.
The orc hits you with a +0 halberd.
You barely miss the orc with your +1 dagger of speed.
The orc warrior shouts!
You hit the orc with your +0 dagger of venom.
The orc is poisoned.
You hit the orc with your +0 dagger of venom.
The orc looks as sick as possible!
The orc is severely wounded.
You hit the orc but do no damage.
You kill the orc!
An orc warrior comes into view. It is wielding a +0 halberd.
Things that are here:
a +0 halberd; a +0 chain mail; an orc corpse
Aiming: Throw Flame
Press: ? - help, Shift-Dir - straight line, f - orc warrior
Aim: an orc warrior, wielding a +0 halberd and wearing a +0 plate armour (68% to hit)
The puff of flame hits the orc warrior but does no damage.
Aiming: Throw Flame
Press: ? - help, Shift-Dir - straight line, f/p - orc warrior
Aim: an orc warrior, wielding a +0 halberd and wearing a +0 plate armour (steam, 68% to hit)
The puff of flame hits the orc.
The orc is almost dead.
The orc warrior is engulfed in a cloud of scalding steam.
Aiming: Throw Flame
Press: ? - help, Shift-Dir - straight line, f/p - orc warrior
Aim: an orc warrior, wielding a +0 halberd and wearing a +0 plate armour (steam, moderately wounded, 68% to hit)
The puff of flame hits the orc warrior but does no damage.
The orc warrior is moderately wounded.
Aiming: Throw Flame
Press: ? - help, Shift-Dir - straight line, f/p - orc warrior
Aim: an orc warrior, wielding a +0 halberd and wearing a +0 plate armour (moderately wounded, 68% to hit)
The puff of flame hits the orc warrior.
The orc warrior is heavily wounded.
Aiming: Throw Flame
Press: ? - help, Shift-Dir - straight line You hit the orc warrior but do no damage.
The orc warrior is poisoned.
The orc warrior is heavily wounded.
You hit the orc warrior with your +1 dagger of speed.
You hit the orc warrior but do no damage.
The orc warrior is severely wounded.
You hit the orc warrior but do no damage.
The orc warrior looks as sick as possible!
The orc warrior barely misses you.
You barely miss the orc warrior with your +1 dagger of speed.
The orc warrior is severely wounded.
You hit the orc warrior but do no damage.
The orc warrior completely misses you.
You hit the orc warrior with your +0 dagger of venom.
The orc warrior looks as sick as possible!
The orc warrior is almost dead.
You hit the orc warrior but do no damage.
You kill the orc warrior!
You start resting.
An orc is nearby!
You are too injured to fight recklessly!
Throw: 9 darts (poison)
Press: ? - help, Q - select action, (/) - cycle Shift-Dir - straight line, f - orc
Aim: an orc, wielding a +0 trident and wearing a +0 ring mail (almost dead, 63% to hit)
You throw a poisoned dart. The poisoned dart hits the orc.
The orc is almost dead.
Throw: 8 darts (poison)
Press: ? - help, Q - select action, (/) - cycle Shift-Dir - straight line, f/p - orc
Aim: an orc, wielding a +0 trident and wearing a +0 ring mail (severely wounded, 63% to hit)
You throw a poisoned dart.
The poisoned dart closely misses the orc.
Throw: 7 darts (poison)
Press: ? - help, Q - select action, (/) - cycle Shift-Dir - straight line, f - orc warrior
Aim: an orc warrior, wielding a +0 halberd and wearing a +0 chain mail (wandering, hasn't noticed you, 55% to hit)
Okay, then.
Aiming: Throw Flame
Press: ? - help, Shift-Dir - straight line, f - orc warrior
Aim: an orc warrior, wielding a +0 halberd and wearing a +0 chain mail (wandering, hasn't noticed you, 64% to hit)
You hear a shout!
Unknown command.
Aiming: Throw Flame
Press: ? - help, Shift-Dir - straight line, f/p - orc warrior
Aim: an orc warrior, wielding a +0 halberd and wearing a +0 chain mail (steam, lightly wounded, 64% to hit)
The puff of flame hits the orc warrior.
The orc warrior is moderately wounded.
The orc is engulfed in a cloud of scalding steam.
You kill the orc!
Aiming: Throw Flame
Press: ? - help, Shift-Dir - straight line, f/p - orc warrior
Aim: an orc warrior, wielding a +0 halberd and wearing a +0 chain mail (moderately wounded, 64% to hit)
The puff of flame hits the orc warrior but does no damage.
The orc warrior is moderately wounded.
Aiming: Throw Flame
Press: ? - help, Shift-Dir - straight line, f/p - orc warrior
Aim: an orc warrior, wielding a +0 halberd and wearing a +0 chain mail (steam, moderately wounded, 64% to hit)
The puff of flame misses the orc warrior.
Aiming: Throw Flame
Press: ? - help, Shift-Dir - straight line, f/p - orc warrior
Aim: an orc warrior, wielding a +0 halberd and wearing a +0 chain mail (moderately wounded, 64% to hit)
The puff of flame misses the orc warrior.
You barely miss the orc warrior with your +1 dagger of speed.
The orc warrior is moderately wounded.
You closely miss the orc warrior with your +0 dagger of venom.
The orc warrior hits you with a +0 halberd!
You are too injured to fight recklessly!
You are too injured to fight recklessly!
You are too injured to fight recklessly!
You barely miss the orc warrior with your +0 dagger of venom.
The orc warrior is moderately wounded.
You hit the orc warrior but do no damage.
The orc warrior hits you with a +0 halberd.
You hit the orc warrior but do no damage.
The orc warrior is moderately wounded.
You closely miss the orc warrior with your +1 dagger of speed.
You hit the orc warrior but do no damage.
The orc warrior is moderately wounded.
You hit the orc warrior with your +0 dagger of venom.
The orc warrior is poisoned.
The orc warrior barely misses you.
You closely miss the orc warrior with your +0 dagger of venom.
The orc warrior is moderately wounded.
You closely miss the orc warrior with your +1 dagger of speed.
The orc warrior hits you with a +0 halberd!
* * * LOW HITPOINT WARNING * * *
You hit the orc warrior but do no damage.
The orc warrior looks as sick as possible!
The orc warrior is moderately wounded.
You hit the orc warrior but do no damage.
The orc warrior completely misses you.
You closely miss the orc warrior with your +0 dagger of venom.
The orc warrior is moderately wounded.
You hit the orc warrior but do no damage.
The orc warrior hits you but does no damage.
You hit the orc warrior but do no damage.
The orc warrior looks as sick as possible!
The orc warrior is moderately wounded.
You hit the orc warrior but do no damage.
You barely miss the orc warrior with your +0 dagger of venom.
The orc warrior is moderately wounded.
You hit the orc warrior but do no damage.
The orc warrior completely misses you.
You hit the orc warrior but do no damage.
The orc warrior is heavily wounded.
You hit the orc warrior with your +0 dagger of venom.
The orc warrior looks as sick as possible!
The orc warrior hits you with a +0 halberd!
* * * LOW HITPOINT WARNING * * *
You hit the orc warrior with your +1 dagger of speed.
The orc warrior is severely wounded.
You closely miss the orc warrior with your +0 dagger of venom.
The orc warrior barely misses you.
You hit the orc warrior with your +0 dagger of venom.
The orc warrior looks as sick as possible!
The orc warrior is almost dead.
You hit the orc warrior with your +1 dagger of speed.
The orc warrior hits you but does no damage.
You completely miss the orc warrior with your +0 dagger of venom.
The orc warrior is almost dead.
You hit the orc warrior but do no damage.
You kill the orc warrior!
You start resting.
An orc comes into view. It is wielding a +0 trident.
Aiming: Throw Flame
Press: ? - help, Shift-Dir - straight line, f - orc
Aim: an orc, wielding a +0 trident and wearing a +0 chain mail (wandering, hasn't noticed you, 77% to hit)
You hear a shout!
You hear a splash. x2
You feel a bit more experienced.
HP restored.
Items here: )) [[.
Things that are here:
a +0 halberd; a +0 scale mail
Found a gate leading back out of this place.
f - 8 poisoned darts (gained 1)
Things that are here:
a +0 trident; a +0 ring mail; an orc corpse
f - 9 poisoned darts (gained 1)
You enter the shallow water.
Moving in this stuff is going to be slow.
An orc comes into view. It is wielding a +0 spear.
You closely miss the orc with your +0 dagger of venom.
You hit the orc but do no damage.
You barely miss the orc with your +1 dagger of speed.
You hit the orc but do no damage. The orc barely misses you.
You hit the orc but do no damage.
The orc is poisoned.
You hit the orc but do no damage.
The orc splashes around in the water.
You hit the orc with your +1 dagger of speed.
The orc is severely wounded.
You barely miss the orc with your +0 dagger of venom.
The orc hits you but does no damage.
You barely miss the orc with your +0 dagger of venom.
The orc is almost dead.
You barely miss the orc with your +1 dagger of speed.
You kill the orc!
You hear a splash. x2
No target in view!
An orc comes into view. It is wielding a +0 spear.
The orc shouts!
An orc comes into view. It is wielding a +0 halberd.
The orc shouts!
You hear a shout!
An orc comes into view. It is wielding a +0 halberd.
The orc barely misses you.
An orc comes into view. It is wielding a +0 trident.
The orc shouts!
You hit the orc but do no damage.
You barely miss the orc with your +0 dagger of venom.
You hit the orc with your +1 dagger of speed.
The orc is heavily wounded.
You barely miss the orc with your +0 dagger of venom.
The orc misses you. The orc completely misses you.
You hit the orc but do no damage.
The orc is heavily wounded.
You hit the orc but do no damage.
The orc is poisoned.
The orc splashes around in the water.
You closely miss the orc with your +0 dagger of venom.
The orc is moderately wounded.
You hit the orc with your +1 dagger of speed.
The orc misses you. x2
You hit the orc but do no damage.
The orc looks even sicker.
The orc is heavily wounded.
You hit the orc but do no damage.
You kill the orc!
You hear a splash. x2
The orc misses you. The orc closely misses you. The orc barely misses you.
You hit the orc but do no damage. x2; The orc is poisoned.
The orc closely misses you. The orc hits you but does no damage.
You hit the orc but do no damage.
The orc looks as sick as possible!
You closely miss the orc with your +1 dagger of speed.
The orc hits you but does no damage. The orc misses you.
You hit the orc but do no damage.
You hit the orc with your +0 dagger of venom.
The orc looks as sick as possible!
You kill the orc!
The orc closely misses you.
The orc splashes around in the water.
The orc misses you. x2
Things that are here:
a +0 halberd; a +0 ring mail You hit the orc but do no damage.
You hit the orc with your +0 dagger of venom.
The orc is poisoned.
The orc splashes around in the water.
You hit the orc with your +1 dagger of speed.
The orc is almost dead.
You hit the orc with your +0 dagger of venom.
You kill the orc!
You hear a splash. x2
The orc closely misses you.
You enter the shallow water.
Moving in this stuff is going to be slow.
The orc hits you with a +0 halberd.
The orc splashes around in the water.
You hit the orc but do no damage.
Your unstable footing causes you to fumble your attack.
The orc closely misses you.
Your unstable footing causes you to fumble your attack.
You hit the orc but do no damage. The orc hits you with a +0 halberd.
You hit the orc but do no damage.
The orc is poisoned.
Your unstable footing causes you to fumble your attack.
The orc barely misses you.
You hit the orc but do no damage.
The orc is heavily wounded.
Your unstable footing causes you to fumble your attack.
Your unstable footing causes you to fumble your attack.
You hit the orc but do no damage. The orc completely misses you.
You closely miss the orc with your +1 dagger of speed.
The orc is severely wounded.
You hit the orc but do no damage.
The orc looks as sick as possible!
The orc hits you but does no damage.
Your unstable footing causes you to fumble your attack. x2
The orc barely misses you.
Your unstable footing causes you to fumble your attack. x2
You kill the orc!
You hear a splash. x2
No target in view!
No target in view!
No target in view!
No target in view!
No target in view!
No target in view!
No target in view!
No target in view!
Found a gate leading back out of this place.
An orc comes into view. It is wielding a +0 spear.
The orc shouts!
You hear a shout!
An orc is nearby!
An orc is nearby!
An orc comes into view. It is wielding a +0 trident.
The orc shouts!
You hear a shout! x2
An orc knight comes into view. It is wielding a +0 halberd.
The orc hits you but does no damage.
You barely miss the orc with your +0 dagger of venom.
You hit the orc but do no damage. You hit the orc but do no damage.
The orc is poisoned.
You hit the orc but do no damage. The orc barely misses you.
An orc warrior comes into view. It is wielding a +0 glaive.
You closely miss the orc with your +1 dagger of speed.
You hit the orc but do no damage.
The orc looks as sick as possible!
The orc hits you with a +0 spear.
You kill the orc!
The orc hits you from afar with a +0 trident.
The orc warrior attacks as it pursues you!
The orc warrior splashes around in the water.
The orc attacks as it pursues you! The orc closely misses you.
The orc attacks as it pursues you! The orc hits you but does no damage.
Aiming: Throw Flame
Press: ? - help, Shift-Dir - straight line, f - orc
Aim: an orc, wielding a +0 trident and wearing a +0 chain mail (77% to hit)
The puff of flame hits the orc.
The orc is severely wounded.
Aiming: Throw Flame
Press: ? - help, Shift-Dir - straight line, f - orc warrior, p - orc
Aim: an orc warrior, wielding a +0 glaive and wearing a +0 crystal plate armour (68% to hit)
The puff of flame misses the orc warrior.
The orc warrior is engulfed in a cloud of scalding steam.
The orc warrior is engulfed in a cloud of scalding steam.
Aiming: Throw Flame
Press: ? - help, Shift-Dir - straight line, f/p - orc warrior
Aim: an orc warrior, wielding a +0 glaive and wearing a +0 crystal plate armour (steam, lightly wounded, 68% to hit)
The puff of flame hits the orc warrior but does no damage.
The orc warrior is lightly wounded.
Aiming: Throw Flame
Press: ? - help, Shift-Dir - straight line, f/p - orc warrior
Aim: an orc warrior, wielding a +0 glaive and wearing a +0 crystal plate armour (lightly wounded, 68% to hit)
The puff of flame hits the orc warrior but does no damage.
The orc warrior is lightly wounded.
The orc warrior closely misses you.
The orc warrior hits you with a +0 glaive!
You hit the orc warrior but do no damage.
The orc warrior is poisoned.
The orc warrior is lightly wounded.
You closely miss the orc warrior with your +1 dagger of speed.
The orc misses you.
The orc warrior hits you with a +0 glaive!
You hit the orc warrior but do no damage.
The orc warrior is lightly wounded.
You hit the orc warrior but do no damage.
The orc hits you from afar with a +0 trident.
You are too injured to fight recklessly!
You are too injured to fight recklessly!
You closely miss the orc warrior with your +1 dagger of speed.
The orc warrior is moderately wounded.
You hit the orc warrior but do no damage.
The orc splashes around in the water.
You closely miss the orc warrior with your +1 dagger of speed.
The orc warrior is moderately wounded.
You closely miss the orc warrior with your +0 dagger of venom.
The orc warrior splashes around in the water.
The orc hits you from afar with a +0 trident.
You closely miss the orc warrior with your +1 dagger of speed.
The orc warrior is moderately wounded.
You hit the orc warrior but do no damage.
The orc warrior looks as sick as possible!
The orc warrior hits you with a +0 glaive!
* * * LOW HITPOINT WARNING * * *
You hit the orc warrior but do no damage.
The orc warrior is heavily wounded.
You closely miss the orc warrior with your +0 dagger of venom.
The orc hits you but does no damage.
You hit the orc warrior but do no damage.
The orc warrior is severely wounded.
You hit the orc warrior with your +0 dagger of venom.
The orc warrior looks as sick as possible!
The orc warrior closely misses you. The orc closely misses you.
You hit the orc warrior but do no damage.
The orc warrior is severely wounded.
You hit the orc warrior but do no damage.
The orc warrior closely misses you. The orc misses you.
You hit the orc warrior but do no damage.
The orc warrior is almost dead.
You barely miss the orc warrior with your +1 dagger of speed.
The orc warrior misses you. The orc misses you.
You hit the orc warrior but do no damage.
The orc warrior looks as sick as possible!
The orc warrior is almost dead.
You hit the orc warrior but do no damage.
The orc warrior hits you with a +0 glaive.
* * * LOW HITPOINT WARNING * * *
You barely miss the orc warrior with your +1 dagger of speed.
The orc warrior is almost dead.
You hit the orc warrior but do no damage.
The orc warrior looks as sick as possible!
You kill the orc warrior!
You hear a splash. x2
The orc splashes around in the water.
The orc splashes around in the water.
The orc hits you but does no damage.
You hit the orc but do no damage.
The orc is severely wounded.
You hit the orc with your +1 dagger of speed.
The orc splashes around in the water.
You hit the orc but do no damage.
The orc is severely wounded.
You hit the orc but do no damage.
The orc splashes around in the water.
You hit the orc with your +1 dagger of speed.
You kill the orc!
You hear a splash. x2
You enter the shallow water.
Moving in this stuff is going to be slow.
You start resting.
The orc knight shouts!
HP restored.
An orc comes into view. It is wielding a +0 halberd.
An orc is nearby!
An orc is nearby!
The orc shouts!
The orc misses you.
An orc comes into view. It is wielding a +0 halberd.
The orc shouts!
The orc hits you but does no damage.
You hit the orc but do no damage. x2; The orc is poisoned.
The orc closely misses you.
You hit the orc but do no damage.
The orc looks as sick as possible!
The orc is moderately wounded.
You hit the orc but do no damage. The orc misses you.
You hit the orc with your +0 dagger of venom.
The orc looks as sick as possible!
The orc is severely wounded.
You hit the orc but do no damage. The orc closely misses you.
You closely miss the orc with your +0 dagger of venom.
The orc is severely wounded.
You hit the orc but do no damage.
You kill the orc!
The orc hits you but does no damage. The orc closely misses you.
Things that are here:
a +0 halberd; a +0 chain mail; an orc corpse The orc completely misses you.
You hit the orc with your +1 dagger of speed.
The orc is moderately wounded.
You hit the orc with your +0 dagger of venom.
The orc splashes around in the water.
You closely miss the orc with your +1 dagger of speed.
The orc is heavily wounded.
You hit the orc but do no damage.
The orc is poisoned.
You hit the orc but do no damage.
The orc is heavily wounded.
You hit the orc but do no damage. The orc closely misses you.
You barely miss the orc with your +1 dagger of speed.
The orc is severely wounded.
You hit the orc but do no damage.
The orc looks as sick as possible!
The orc splashes around in the water.
You hit the orc but do no damage.
The orc looks as sick as possible!
The orc is severely wounded.
You hit the orc but do no damage.
You kill the orc!
You hear a splash. x2
No target in view!
An orc comes into view. It is wielding a +0 spear.
An orc is nearby!
An orc warrior comes into view. It is wielding a +0 trident.
The orc warrior shouts!
The orc shouts!
You hear a shout!
An orc comes into view. It is wielding a +0 halberd.
An orc comes into view. It is wielding a +0 spear.
The orc hits you but does no damage.
The orc moves out of view.
You hit the orc but do no damage.
The orc is poisoned.
You hit the orc but do no damage.
The orc warrior hits you from afar with a +0 trident!
An orc comes into view. It is wielding a +0 trident.
The orc hits you from afar with a +0 spear.
The orc shouts!
The orc warrior attacks as it pursues you!
The orc warrior hits you but does no damage.
You feel a bit more experienced. The orc warrior barely misses you.
You hit the orc warrior but do no damage.
The orc warrior is poisoned.
You closely miss the orc warrior with your +1 dagger of speed.
The orc warrior hits you with a +0 trident.
You hit the orc warrior but do no damage.
The orc warrior is lightly wounded.
You hit the orc warrior but do no damage.
You closely miss the orc warrior with your +1 dagger of speed.
The orc warrior is lightly wounded.
You hit the orc warrior but do no damage.
The orc warrior looks as sick as possible!
The orc misses you. The orc warrior completely misses you.
You barely miss the orc warrior with your +1 dagger of speed.
The orc warrior is lightly wounded.
You hit the orc warrior with your +0 dagger of venom.
You completely miss the orc warrior with your +0 dagger of venom.
The orc warrior is moderately wounded.
You hit the orc warrior but do no damage.
The orc closely misses you.
The orc warrior hits you with a +0 trident!
You are too injured to fight recklessly!
You are too injured to fight recklessly!
You are too injured to fight recklessly!
You closely miss the orc warrior with your +1 dagger of speed.
The orc warrior is moderately wounded.
You barely miss the orc warrior with your +0 dagger of venom.
The orc barely misses you.
The orc warrior hits you but does no damage.
You hit the orc warrior with your +1 dagger of speed.
The orc warrior is moderately wounded.
You hit the orc warrior but do no damage.
The orc warrior looks as sick as possible!
The orc completely misses you. The orc closely misses you.
The orc warrior hits you with a +0 trident.
Aiming: Mindburst
Press: ? - help, Shift-Dir - straight line, f - orc warrior
Aim: an orc warrior, wielding a +0 trident and wearing a +3 scale mail (heavily wounded, extremely poisoned, chance to affect: 64%)
The orc warrior's mind is blasted!!
You blow up the orc warrior!
You hear a shout!
The orc completely misses you.
The orc hits you from afar with a +0 trident.
An orc comes into view. It is wielding a +0 halberd.
The orc shouts!
The orc misses you. The orc closely misses you. The orc barely misses you.
The orc hits you but does no damage.
The orc shouts!
You hit the orc with your +0 dagger of venom.
The orc is poisoned.
The orc is moderately wounded.
You hit the orc with your +1 dagger of speed.
The orc hits you but does no damage. The orc closely misses you.
You hit the orc with your +1 dagger of speed.
The orc is lightly wounded.
You hit the orc but do no damage.
The orc is poisoned.
The orc hits you but does no damage.
You hit the orc but do no damage.
The orc looks even sicker.
The orc is severely wounded.
You hit the orc but do no damage.
You kill the orc!
The orc hits you with a +0 halberd. The orc misses you.
You hit the orc but do no damage.
The orc is heavily wounded.
You hit the orc with your +0 dagger of venom.
The orc looks even sicker.
You kill the orc!
The orc barely misses you.
The orc hits you from afar with a +0 halberd.
The orc hits you from afar with a +0 halberd!
* * * LOW HITPOINT WARNING * * *
Things that are here:
a +0 halberd; a +0 ring mail You hit the orc but do no damage.
The orc is poisoned.
You hit the orc but do no damage. The orc barely misses you.
The orc splashes around in the water.
The orc barely misses you.
The orc splashes around in the water.
The orc hits you but does no damage. The orc misses you.
You closely miss the orc with your +0 dagger of venom.
You hit the orc but do no damage. The orc closely misses you.
The orc splashes around in the water.
You hit the orc with your +0 dagger of venom.
The orc is poisoned.
The orc is lightly wounded.
You hit the orc but do no damage. The orc hits you but does no damage.
You hit the orc but do no damage.
The orc is moderately wounded.
You barely miss the orc with your +1 dagger of speed.
The orc splashes around in the water.
You hit the orc but do no damage.
The orc looks as sick as possible!
The orc is moderately wounded.
You hit the orc but do no damage.
You kill the orc!
You hear a splash. x2
The orc hits you but does no damage.
You closely miss the orc with your +0 dagger of venom.
The orc is severely wounded.
You hit the orc with your +1 dagger of speed.
You kill the orc!
Things that are here:
a +0 halberd; a +0 ring mail You start resting.
HP restored.
Things that are here:
a +0 trident; a +3 scale mail
Things that are here:
a +0 trident; a +0 scale mail
Things that are here:
a +0 halberd; a +0 ring mail
Items here: )) [[.
The orc warrior shouts!
An orc comes into view. It is wielding a +0 trident.
Found a gate leading back out of this place.
The orc barely misses you.
You hit the orc but do no damage.
The orc is poisoned.
You hit the orc but do no damage. The orc misses you.
You closely miss the orc with your +0 dagger of venom.
You hit the orc but do no damage. The orc closely misses you.
You hit the orc with your +1 dagger of speed.
The orc is moderately wounded.
You barely miss the orc with your +0 dagger of venom.
The orc closely misses you.
You closely miss the orc with your +0 dagger of venom.
The orc is moderately wounded.
You hit the orc with your +1 dagger of speed.
You hit the orc but do no damage.
The orc looks as sick as possible!
The orc is severely wounded.
You hit the orc but do no damage. The orc hits you but does no damage.
You barely miss the orc with your +1 dagger of speed.
The orc is almost dead.
You hit the orc but do no damage.
The orc looks as sick as possible!
The orc closely misses you.
You hit the orc with your +1 dagger of speed.
You kill the orc!
No target in view!
Things that are here:
a +0 trident; a +0 ring mail
Press: ? - help, v - describe, . - travel The floor.
You're wearing all the rings you can.
Remove which one? (? for menu, Esc to cancel) < or
i - a +5 ring of evasion; > or
B - a +4 ring of protection You remove your +4 ring of protection.
h - a +5 ring of evasion (right grasper)
Things that are here:
a +0 trident; a +0 ring mail
Press: ? - help, v - describe, . - travel The floor.
An orc knight comes into view. It is wielding a +0 halberd.
The orc knight shouts!
Aiming: Mindburst
Press: ? - help, Shift-Dir - straight line, f - orc knight
Aim: an orc knight, wielding a +0 halberd and wearing a +0 plate armour (chance to affect: 47%)
The orc knight's mind is blasted!
Aiming: Mindburst
Press: ? - help, Shift-Dir - straight line, f/p - orc knight
Aim: an orc knight, wielding a +0 halberd and wearing a +0 plate armour (lightly wounded, chance to affect: 47%)
The orc knight resists with some effort.
Aiming: Mindburst
Press: ? - help, Shift-Dir - straight line, f/p - orc knight
Aim: an orc knight, wielding a +0 halberd and wearing a +0 plate armour (lightly wounded, chance to affect: 47%)
The orc knight's mind is blasted!!
Aiming: Mindburst
Press: ? - help, Shift-Dir - straight line, f/p - orc knight
Aim: an orc knight, wielding a +0 halberd and wearing a +0 plate armour (heavily wounded, chance to affect: 47%)
The orc knight resists with some effort.
The orc knight hits you from afar with a +0 halberd!
The orc knight closely misses you. The orc knight completely misses you.
An orc warrior comes into view.
It is wielding a +0 spear and wearing the +7 crystal plate armour of Precision Catastrophes {-Tele Fly Dex+3}.
You closely miss the orc knight with your +1 dagger of speed.
The orc knight is heavily wounded.
The orc warrior shouts!
You hit the orc knight with your +0 dagger of venom.
The orc knight misses you.
You barely miss the orc knight with your +1 dagger of speed.
The orc knight is heavily wounded.
You barely miss the orc knight with your +0 dagger of venom.
You hit the orc knight but do no damage.
The orc knight is poisoned.
The orc knight is heavily wounded.
You barely miss the orc knight with your +1 dagger of speed.
You barely miss the orc knight with your +0 dagger of venom.
The orc knight is heavily wounded.
You hit the orc knight but do no damage.
The orc knight roars a battlecry!
The orc warrior goes into a battle-frenzy!
The orc knight hits you with a +0 halberd.
The orc knight completely misses you.
The orc knight hits you from afar with a +0 halberd!
The orc knight attacks as it pursues you!
The orc knight hits you from afar with a +0 halberd!
* * * LOW HITPOINT WARNING * * *
The orc knight attacks as it pursues you!
The orc knight closely misses you.
Aiming: Mindburst
Press: ? - help, Shift-Dir - straight line, f/p - orc knight
Aim: an orc knight, wielding a +0 halberd and wearing a +0 plate armour (heavily wounded, poisoned, chance to affect: 47%)
The orc knight resists with some effort.
The orc knight hits you from afar with a +0 halberd!!
You die...

.## ##..~~~~~~~~~~.#
## ##..........~.# #
##########.~.#
'.....##.~.#
#...##).~.#
##.##..~~.# #'#..~~.##
#'#..~~.∩# o≈≈ #
##@.~~.# ≈. ##..~.#
... .o ##o~.# #
##'###'#########o~.#
##.....##..........~.#
.##.∩.##..~~~~~~o~~~.#
..## ##..~~..........#
~..###..~~..##########
~~.....~~).##


You could see an orc knight (poisoned) and an orc warrior (strong).

Vanquished Creatures
  Duvessa (D:5)
  A water moccasin (D:5)
  An ice beast (D:5)
  5 orc warriors
  A black bear (D:5)
  2 ogres
  A phantom (D:5)
  A bullfrog (D:7)
  Dowan (D:5)
  A howler monkey (D:7)
  2 orc priests
  2 jellies (D:5)
  A gnoll bouda (D:6)
  4 hounds
  2 iguanas
  Jessica (D:3)
  Terence (D:2)
  3 orc wizards
  Natasha (thrice) (D:3)
  2 sleepcaps
  6 adders
  5 gnolls
  A shadow imp (D:6)
  A white imp (D:6)
  2 ufetubi (D:6)
  2 dart slugs
  25 orcs
  11 ball pythons
  6 bats
  6 endoplasms
  2 giant cockroaches
  6 goblins
  5 hobgoblins
  4 jackals (D:1)
  3 kobolds (D:4)
  5 quokkas
  3 frilled lizards
  2 rats
131 creatures vanquished.

Notes
Turn   | Place    | Note
-------+----------+-------------------------------------------
     0 | D:1      | sleeves the Coglin Hunter began the quest for the Orb.
     0 | D:1      | Reached XP level 1. HP: 16/16 MP: 1/1
    92 | D:1      | HP: 6/16 [hobgoblin (3)]
   212 | D:1      | Reached skill level 4 in Ranged Weapons
   212 | D:1      | Reached XP level 2. HP: 22/22 MP: 2/2
   517 | D:1      | Reached XP level 3. HP: 27/27 MP: 3/3
   815 | D:2      | Found a broken altar of Ashenzari.
   843 | D:2      | Noticed Terence
   846 | D:2      | HP: 13/27 [poisoned by an adder]
   936 | D:2      | Reached skill level 5 in Ranged Weapons
   936 | D:2      | Reached XP level 4. HP: 33/33 MP: 4/4
  1053 | D:3      | Found Bacerut's Armour Shoppe.
  1203 | D:3      | Found Abik's Assorted Antiques.
  1472 | D:3      | Noticed Natasha
  1479 | D:3      | Killed Natasha
  1480 | D:3      | Reached XP level 5. HP: 32/38 MP: 5/5
  1514 | D:3      | Noticed Jessica
  1521 | D:3      | Killed Jessica
  1594 | D:2      | Reached skill level 6 in Ranged Weapons
  1699 | D:2      | Killed Terence
  2047 | D:3      | Noticed Natasha
  2057 | D:3      | HP: 15/38 [cerulean imp/+2 spear[Natasha] (5)]
  2060 | D:3      | HP: 4/38 [Natasha (5)]
  2065 | D:3      | HP: 7/38 [Natasha (4)]
  2066 | D:3      | Killed Natasha
  2067 | D:3      | Reached XP level 6. HP: 8/44 MP: 6/6
  2253 | D:3      | Found Reumavopt's Distillery.
  2255 | D:3      | Noticed Natasha
  2285 | D:3      | Killed Natasha
  2356 | D:3      | Found Dicuceirr's Distillery.
  2364 | D:3      | Bought 2 potions of curing for 78 gold pieces
  2409 | D:3      | Found a faded altar of an unknown god.
  2952 | D:4      | Found a hide-covered altar of Uskayaw.
  2982 | D:4      | Found a bloodstained altar of Trog.
  2983 | D:4      | Found a basalt altar of Yredelemnul.
  2985 | D:4      | Found an ornate altar of the Wu Jian Council.
  2985 | D:4      | Found a shimmering altar of Xom.
  2985 | D:4      | Found an ancient bone altar of Kikubaaqudgha.
  2986 | D:4      | Found a broken altar of Ashenzari.
  3014 | D:4      | Reached skill level 7 in Ranged Weapons
  3533 | D:5      | Entered Level 5 of the Dungeon
  3568 | D:5      | HP: 21/42 [phantom (5)]
  3572 | D:5      | Reached XP level 7. HP: 25/50 MP: 7/7
  3704 | D:5      | Noticed Duvessa
  3704 | D:5      | Noticed Dowan
  3746 | D:5      | Killed Duvessa
  3752 | D:5      | Killed Dowan
  3753 | D:5      | Reached skill level 8 in Ranged Weapons
  3853 | D:5      | HP: 25/50 [poisoned by a water moccasin]
  3998 | D:5      | Found a glowing silver altar of Zin.
  4090 | D:5      | Found a staircase to the Ecumenical Temple.
  4103 | Temple   | Entered the Ecumenical Temple
  4301 | D:5      | Reached XP level 8. HP: 47/56 MP: 8/8
  4388 | D:5      | Reached skill level 9 in Ranged Weapons
  4689 | D:5      | HP: 25/56 [ice beast (5)]
  5211 | D:6      | Reached skill level 10 in Ranged Weapons
  5642 | D:6      | Identified the +6 ring mail "Rodaomau" {*Slow rN++}
  5826 | D:6      | HP: 24/56 [orc warrior/+0 mace (6)]
  5838 | D:7      | HP: 18/56 [orc priest/nerve-wracking pain (7)]
  5841 | D:7      | HP: 8/56 [orc priest/nerve-wracking pain (11)]
  6082 | D:7      | Reached XP level 9. HP: 53/61 MP: 9/9
  6090 | D:7      | HP: 27/61 [sleepcap (6)]
  6112 | D:7      | HP: 29/61 [howler monkey (4)]
  6115 | D:7      | Reached skill level 11 in Ranged Weapons
  6140 | D:7      | Found a flagged portal.
  6146 | Bailey   | Entered a bailey
  6186 | Bailey   | HP: 20/61 [orc warrior/+0 halberd (13)]
  6191 | Bailey   | HP: 13/61 [orc warrior/+0 halberd (8)]
  6435 | Bailey   | Noticed an orc knight
  6466 | Bailey   | HP: 23/61 [orc warrior/+0 glaive (11)]
  6471 | Bailey   | HP: 18/61 [orc warrior/+0 glaive (6)]
  6604 | Bailey   | Noticed an orc knight
  6670 | Bailey   | HP: 24/61 [orc/+0 halberd (8)]
  6835 | Bailey   | Noticed an orc knight
  6843 | Bailey   | Identified the +7 crystal plate armour of Precision
                  | Catastrophes {-Tele Fly Dex+3}
  6852 | Bailey   | HP: 20/61 [orc knight/+0 halberd (16)]
  6854 | Bailey   | Slain by an orc knight

Illustrated notes

Levels and vault maps discovered:
D:1:      saegor_arrival_simple_e, layout_loops_ring
D:2:      layout_rooms, basic_altar, st_stairs_7, uniq_terence
D:3:      layout_loops_ring, serial_shops, nicolae_shop_trees,
          nicolae_shop_statue_plus, nicolae_shop_trees, shop,
          ebering_ecumenical_altar_hall, uniq_jessica, uniq_natasha
D:4:      layout_basic, grunt_temple_overflow_open, minmay_manual_moon
D:5:      dreamdust_elfheim, layout_basic, mainiacjoe_overflow_small_starburst,
          minmay_temple_entry_offerings
D:6:      layout_loops_corners
D:7:      layout_rooms, serial_shops, nicolae_shop_crystal,
          lightli_ossuary_entry_decrepit_ruins, enter_bailey_2
Temple:   hc_temple_tempest_star
Bailey:   bailey_polearm_1, bailey

Skill      XL: |  1  2  3  4  5  6  7  8  9 |
---------------+----------------------------+-----
Ranged Weapons | 4 5 6 7 8 10 11 | 11.6
Fighting       | |  2.0
Dodging        | |  1.7
Stealth        | |  0.7

Action                     |  1- 3 |  4- 6 |  7- 9 || total
---------------------------+-------+-------+-------++-------
  Melee: Dagger            |       |   132 |   654 ||   786
         Unarmed           |       |     2 |       ||     2
   Fire: Shortbow          |   109 |    28 |       ||   137
         Orcbow            |       |    91 |       ||    91
  Throw: Dart              |       |       |    11 ||    11
  Evoke: Wand              |       |       |    21 ||    21
    Use: Potion            |       |     3 |       ||     3
 Armour: Leather armour    |    26 |     2 |       ||    28
         Scale mail        |       |    86 |     8 ||    94
         Ring mail         |       |       |   141 ||   141
  Dodge: Dodged            |    66 |   167 |   218 ||   451

Table legend: (Time is in decaauts)
 A = Elapsed time spent in this place.
 B = Non-inter-level travel time spent in this place.
 C = Inter-level travel time spent in this place.
 D = Time resting spent in this place.
 E = Time spent auto-exploring this place.
 F = Levels seen in this place.
 G = Mean time per level.
                   A        B        C        D        E       F      G
               +--------+--------+--------+--------+--------+-----+--------+
         Total |   7087 |   6584 |    503 |    864 |   4249 |   9 |  787.4 |
       Dungeon |   6367 |   5865 |    502 |    492 |   4147 |   7 |  909.6 |
        Temple |      1 |      0 |      1 |      0 |      0 |   1 |    1.0 |
        Bailey |    718 |    718 |      0 |    372 |    101 |   1 |  718.0 |
               +--------+--------+--------+--------+--------+-----+--------+

Top non-repeatable levels by time:
     D:5: 1306 daAuts
     D:6: 1228 daAuts
     D:4: 1011 daAuts
     D:3: 997 daAuts
     D:1: 930 daAuts
     D:2: 782 daAuts
  Bailey: 718 daAuts
     D:7: 109 daAuts
  Temple: 1 daAuts
